 Dungeon Crawl Stone Soup version 0.32-a0-975-g85d4e5bfdb (webtiles) character file.

Game seed: 2512671484809182060

1581117 TheMeInTeam the Intangible (level 27, 235/235 HPs)
             Began as a Merfolk Artificer on Apr 4, 2024.
             Was a Believer of Uskayaw.
             Escaped with the Orb
             ... and 3 runes on Apr 19, 2024!
             The game lasted 03:05:31 (79678 turns).

TheMeInTeam the Intangible (Merfolk Artificer)     Turns: 79678, Time: 03:05:32

Health: 235/235    AC: 30    Str: 16      XL:     27
Magic:  39/39      EV: 36    Int: 14      God:    Uskayaw [**....]
Gold:   890        SH: 24    Dex: 35 (36) Spells: 26/26 levels left

rFire   + + .        a - +10 rapier of Doom {venom, Will+ Dex+8 Stlth+}
rCold   + + .        F - +5 kite shield {rC+}
rNeg    + + .        P - +8 fire dragon scales of the Game Afoot {rPois rF++ rC- Str+2 Int+2}
rPois   +            (helmet restricted)
rElec   +            g - +2 cloak {Will+}
rCorr   .            k - +2 pair of gloves
SInv    .            I - +2 pair of boots {Stlth+}
Will    +++++        O - amulet "Vunimy" {+Inv rC+ Regen+ Dex+3}
Stlth   ++           p - ring of Focenuuc {rElec rC+ rN+ Stlth+, =R}
HPRegen 1.39/turn    Z - ring "Peppann" {Fly rPois rN+ Will++ Stlth-}
MPRegen 0.26/turn

%: clarity
@: flying
A: (nimble swimmer 2), mertail, antennae 1, claws 1, clarity, deterioration 2,
passive freeze, screaming 1, inability to drink after injury 1, MP-powered wands
0: Orb of Zot
}: 3/15 runes: serpentine, barnacled, silver
a: Renounce Religion, Evoke Invisibility, Stomp, Line Pass


You escaped.
You worshipped Uskayaw.
Uskayaw was extremely pleased with you.
You visited 10 branches of the dungeon, and saw 48 of its levels.
You visited 1 bazaar.
You also visited: Bailey, Gauntlet and Ice Cave.

You collected 8017 gold pieces.
You spent 7127 gold pieces at shops.

Inventory:

Hand Weapons
 a - the +10 rapier of Doom (weapon) {venom, Will+ Dex+8 Stlth+}
   (You bought it in a shop on level 1 of the Elven Halls)

   Dex+8:     It affects your dexterity (+8).
   Will+:     It increases your willpower.
   Stlth+:    It makes you more stealthy.
 e - the +5 whip "Luropsof" {drain, rPois SInv}
   (You took it off a hobgoblin on level 4 of the Dungeon)

   rPois:     It protects you from poison.
   SInv:      It lets you see invisible.
 w - the +3 greatsling "Punk" {acid, rCorr}
   (You found it on level 3 of the Lair of Beasts)

   rCorr:     It protects you from acid and corrosion.
Missiles
 z - 9 throwing nets
Armour
 g - a +2 cloak of willpower (worn)
 k - a +2 pair of gloves (worn)
 u - a +2 helmet
 F - a +5 kite shield of cold resistance (worn)
 I - a +2 pair of boots of stealth (worn)
 P - the +8 fire dragon scales of the Game Afoot (worn) {rPois rF++ rC- Str+2 Int+2}
   (You bought it in a shop on level 1 of the Elven Halls)

   Str+2:     It affects your strength (+2).
   Int+2:     It affects your intelligence (+2).
   rF++:      It greatly protects you from fire.
   rC-:       It makes you vulnerable to cold.
   rPois:     It protects you from poison.
Jewellery
 p - the ring of Focenuuc (left hand) {rElec rC+ rN+ Stlth+, =R}
   (You bought it in a shop on level 3 of the Elven Halls)

   [ring of positive energy]

   rC+:       It protects you from cold.
   rElec:     It insulates you from electricity.
   rN+:       It protects you from negative energy.
   Stlth+:    It makes you more stealthy.
 r - a ring of protection from fire
 O - the amulet "Vunimy" (around neck) {+Inv rC+ Regen+ Dex+3}
   (You took it off a vault guard on level 5 of the Vaults)

   [amulet of regeneration]

   Dex+3:     It affects your dexterity (+3).
   rC+:       It protects you from cold.
   +Inv:      It lets you turn invisible.
   Regen+:    It increases your rate of health regeneration.
 R - the ring of Isader {rC+ Will+ Str+2}
   (You took it off a kobold brigand on level 12 of the Dungeon)

   [ring of willpower]

   Str+2:     It affects your strength (+2).
   rC+:       It protects you from cold.
   Will+:     It increases your willpower.
 Z - the ring "Peppann" (right hand) {Fly rPois rN+ Will++ Stlth-}
   (You found it on level 13 of the Dungeon)

   [ring of poison resistance]

   rPois:     It protects you from poison.
   rN+:       It protects you from negative energy.
   Will++:    It greatly increases your willpower.
   Fly:       It grants you flight.
   Stlth-:    It makes you less stealthy.
Wands
 q - a wand of flame (54)
 s - a wand of digging (4)
 v - a wand of warping (21)
 x - a wand of light (7)
 J - a wand of mindburst (24)
 K - a wand of polymorph (27)
 N - a wand of paralysis (15)
Scrolls
 b - 6 scrolls of silence
 j - 8 scrolls of immolation
 m - 5 scrolls of fog
 n - 5 scrolls of teleportation
 o - 19 scrolls of enchant weapon
 t - 25 scrolls of identify
 D - 3 scrolls of torment
 G - 10 scrolls of fear
 H - 9 scrolls of vulnerability
 Q - 8 scrolls of poison
 V - 4 scrolls of blinking
 W - 2 scrolls of summoning
Potions
 c - 12 potions of ambrosia
 h - 3 potions of resistance
 i - a potion of berserk rage
 B - 19 potions of curing
 E - 7 potions of lignification
 L - 2 potions of invisibility
 M - a potion of haste
 T - 4 potions of heal wounds
 U - 6 potions of might
 X - 2 potions of cancellation
 Y - 7 potions of enlightenment
Miscellaneous
 d - a lightning rod (4/4)
 y - a phial of floods
 A - a condenser vane
 C - a phantom mirror
 S - a box of beasts


   Skills:
 - Level 23.0 Fighting
 - Level 14.0 Short Blades
 - Level 6.0 Maces & Flails
 - Level 14.0 Ranged Weapons
 - Level 11.0 Armour
 O Level 27 Dodging
 - Level 10.0 Stealth
 - Level 18.0 Shields
 + Level 25.9 Invocations
 - Level 6.0 Evocations


You had 26 spell levels left.
You didn't know any spells.
Your spell library contained the following spells:

 Spells                   Type           Power      Damage    Failure   Level
 Apportation              Tloc           0%         N/A       83%         1
 Kiss of Death            Conj/Necr      0%         2d5       83%         1
 Necrotise                Necr           0%         1d4       83%         1
 Shock                    Conj/Air       0%         1d3       83%         1
 Slow                     Hex            0%         N/A       83%         1
 Sting                    Conj/Alch      0%         1d3       83%         1
 Summon Small Mammal      Summ           0%         N/A       83%         1
 Call Imp                 Summ           0%         N/A       92%         2
 Ensorcelled Hibernation  Hex/Ice        0%         N/A       92%         2
 Mercury Vapours          Alch/Air       0%         N/A       92%         2
 Static Discharge         Conj/Air       0%         3-3/arc   92%         2
 Sublimation of Blood     Necr           0%         N/A       92%         2
 Call Canine Familiar     Summ           0%         N/A       99%         3
 Confusing Touch          Hex            0%         N/A       99%         3
 Fugue of the Fallen      Necr           0%         N/A       99%         3
 Hailstorm                Conj/Ice       0%         3d5       99%         3
 Inner Flame              Hex/Fire       0%         N/A       99%         3
 Maxwell's Portable Pile  Tloc           0%         2d(5-13)  99%         3
 Mephitic Cloud           Conj/Alch/Air  0%         N/A       99%         3
 Passwall                 Erth           0%         N/A       99%         3
 Sigil of Binding         Hex            0%         N/A       99%         3
 Stone Arrow              Conj/Erth      0%         3d7       99%         3
 Summon Ice Beast         Ice/Summ       0%         N/A       99%         3
 Swiftness                Air            0%         N/A       99%         3
 Tukima's Dance           Hex            0%         N/A       99%         3
 Volatile Blastmotes      Fire/Tloc      0%         2d10      99%         3
 Airstrike                Air            0%         2d(0-16)  100%        4
 Anguish                  Hex/Necr       0%         N/A       100%        4
 Animate Armour           Summ/Erth      0%         N/A       100%        4
 Animate Dead             Necr           0%         N/A       100%        4
 Cause Fear               Hex            0%         N/A       100%        4
 Dimensional Bullseye     Hex/Tloc       0%         N/A       100%        4
 Dispel Undead            Necr           0%         3d6       100%        4
 Flame Wave               Conj/Fire      0%         2d4       100%        4
 Fulminant Prism          Conj/Alch      0%         3d5       100%        4
 Ignite Poison            Fire/Alch      0%         N/A       100%        4
 Iskenderun's Mystic Bla Conj/Tloc 0%             2d3        (+2d1     100%        4
 Olgreb's Toxic Radiance  Alch           0%         N/A       100%        4
 Petrify                  Alch/Erth      0%         N/A       100%        4
 Sticky Flame             Fire/Alch      0%         2d4       100%        4
 Summon Blazeheart Golem  Fire/Summ      0%         N/A       100%        4
 Summon Lightning Spire   Summ/Air       0%         N/A       100%        4
 Vhi's Electric Charge    Tloc/Air       0%         N/A       100%        4
 Arcjolt                  Conj/Air       0%         1d10      100%        5
 Borgnjor's Vile Clutch   Necr/Erth      0%         N/A       100%        5
 Freezing Cloud           Conj/Ice/Air   0%         6-21      100%        5
 Irradiate                Conj/Alch      0%         3d11      100%        5
 Lee's Rapid Deconstruct  Erth           0%         3d4*      100%        5
 Summon Forest            Summ/Tloc      0%         N/A       100%        5
 Summon Mana Viper        Hex/Summ       0%         N/A       100%        5
 Bombard                  Conj/Erth      0%         9d1       100%        6
 Death Channel            Necr           0%         N/A       100%        6
 Permafrost Eruption      Ice/Erth       0%         2x4d1     100%        6
 Plasma Beam              Fire/Air       0%         2x1d10    100%        6
 Sculpt Simulacrum        Ice/Alch       0%         N/A       100%        6
 Summon Cactus Giant      Summ           0%         N/A       100%        6
 Haunt                    Necr/Summ      0%         N/A       100%        7
 Magnavolt                Erth/Air       0%         3d9       100%        7
 Malign Gateway           Summ/Tloc      0%         N/A       100%        7
 Orb of Destruction       Conj           0%         9d5       100%        7
 Ozocubu's Refrigeration  Ice            0%         4d7       100%        7
 Rimeblight               Ice/Necr       0%         2d3       (prima100%   7
 Seismic Cannonade        Alch/Erth      0%         6d4       100%        7
 Summon Hydra             Summ           0%         N/A       100%        7
 Borgnjor's Revivificati  Necr           0%         N/A       100%        8
 Discord                  Hex            0%         N/A       100%        8
 Disjunction              Tloc           0%         N/A       100%        8
 Fulsome Fusillade        Conj/Alch      0%         (3-5)d4   100%        8
 Ignition                 Fire           0%         3d3       100%        8
 Lehudib's Crystal Spear  Conj/Erth      0%         10d2      100%        8
 Maxwell's Capacitive Co  Air            0%         ∞         100%        8
 Summon Horrible Things   Summ           0%         N/A       100%        8
 Chain Lightning          Conj/Air       0%         N/A       100%        9
 Death's Door             Necr           0%         N/A       100%        9
 Fire Storm               Conj/Fire      0%         5d1       100%        9
 Shatter                  Erth           0%         3d5*      100%        9


Dungeon Overview and Level Annotations

Branches:
Dungeon (15/15)            Temple (1/1) D:7            Lair (5/5) D:9
 Shoals (4/4) Lair:3        Snake (4/4) Lair:3        Slime (0/5) Lair:5
    Orc (2/2) D:9             Elf (3/3) Orc:2        Vaults (5/5) D:14
  Crypt (0/3) Vaults:2     Depths (4/4) D:15            Zot (5/5) Depths:4
 Bailey (visited)           IceCv (visited)         Gauntlet (visited)

Altars:
Ashenzari
Cheibriados
Dithmenos
Elyvilon
Fedhas
Gozag
Hepliaklqana
Kikubaaqudgha
Makhleb
Nemelex Xobeh
Okawaru
Qazlal
Ru
Sif Muna
Trog
Uskayaw
Vehumet
Wu Jian
Xom
Yredelemnul
Zin
The Shining One
Lugonu

Shops:
D:2 *[*(   Orc:2 =!?[*(:   Elf:1 *[[(   Elf:3 ==*   Shoals:1 (   Snake:1 (
Snake:2 ?   Depths:3 [

Portals:
Hell: Depths:1 Depths:2 Depths:3 Depths:4
Abyss: Depths:1 Depths:3
Pandemonium: Depths:1 Depths:2 Depths:3
Ziggurat: Depths:4

Annotations:
D:6 2 transporters, bronco's ghost, novice CoGl
D:8 3 runed translucent doors, exclusions: 3 doors and orange crystal statue, EvilEddieB's ghost, novice DsNe
Elf:1 3 runed translucent doors, exclusions: 3 doors and obsidian statue, Jabb's ghost, adept DsGl
Depths:3 2 transporters
Zot:1 1 runed translucent door, exclusion: door, spaghetti's ghost, veteran NaBe


Innate Abilities, Weirdness & Mutations

((You are very nimble when in or above water. (Stealth+, EV+, Speed+++)))
Your lower body shifts to a powerful aquatic tail in water.
You have a pair of small antennae on your head.
You have sharp fingernails.
You possess an exceptional clarity of mind.
Your body often deteriorates upon taking damage.
A frigid envelope surrounds you and freezes all who hurt you.
You occasionally shout uncontrollably at your foes.
You occasionally lose the ability to drink potions when taking damage.
You expend magic power (3 MP) to strengthen your wands.


Message History

The acid dragon is moderately wounded.
You puncture the acid dragon!
The acid dragon is poisoned.
The acid dragon is almost dead.
The acid dragon spits acid at you. The splash of acid hits you!
The acid corrodes you!
You hit the acid dragon.
The acid dragon looks as sick as possible!
The acid dragon is almost dead.
You hit the acid dragon but do no damage.
The acid dragon looks as sick as possible!
The acid dragon is almost dead.
You kill the acid dragon!
You can no longer pass through a line of other dancers.
There is an escape hatch in the ceiling here.
A mysterious force pulls you upwards. The hatch slams shut behind you.
There is a stone staircase leading up here.
You fly upwards.
Level annotation: 3 runed translucent doors, exclusions: 3 doors and orange crystal statue, EvilEddieB's ghost, novice DsNe
There is a stone staircase leading down here.
As you read the scroll of teleportation, it crumbles to dust.
You feel strangely unstable.
You feel the Orb delaying your translocation!
You start resting.
HP restored.
You start waiting.
Your surroundings suddenly seem different.
You are no longer corroded.
There is a stone staircase leading up, spattered with blood here.
You fly upwards.
There is a stone staircase leading down here.
There is a stone staircase leading up here.
You fly upwards.
Level annotation: 2 transporters, bronco's ghost, novice CoGl
There is a stone staircase leading down here.
There is an open door here.
You reach down and open the door.
There is an open door here.
There is an escape hatch in the ceiling here.
A mysterious force pulls you upwards. The hatch slams shut behind you.
An Executioner comes into view.
There is an open door here.
There is a stone staircase leading down here.
You puncture the Executioner!
The Executioner is poisoned.
The Executioner is lightly wounded.
You block the Executioner's attack. x2
The Executioner hits you but does no damage.
The Executioner is very cold.
The Executioner resists.
The Executioner is lightly wounded.
You puncture the Executioner!
The Executioner is moderately wounded.
The Executioner misses you. You block the Executioner's attack.
The Executioner completely misses you.
You puncture the Executioner!
The Executioner looks as sick as possible!
The Executioner is heavily wounded.
You block the Executioner's attack. x3
You closely miss the Executioner.
The Executioner is heavily wounded.
You block the Executioner's attack. The Executioner completely misses you.
You block the Executioner's attack.
You barely miss the Executioner.
The Executioner is heavily wounded.
You block the Executioner's attack. The Executioner closely misses you.
You block the Executioner's attack.
You hit the Executioner.
The Executioner is heavily wounded.
The Executioner completely misses you. The Executioner hits you.
The Executioner is very cold.
The Executioner resists.
The Executioner is heavily wounded.
You block the Executioner's attack.
You miss the Executioner.
The Executioner is heavily wounded.
You block the Executioner's attack. x2; The Executioner completely misses you.
You impale the Executioner!!
The Executioner is severely wounded.
The Executioner misses you.
The Executioner hits you but does no damage.
The Executioner is very cold.
The Executioner resists.
The Executioner is severely wounded.
You block the Executioner's attack.
You can now pass through a line of other dancers.
You puncture the Executioner!
The Executioner is almost dead.
You block the Executioner's attack. x3
The Executioner gestures.
The Executioner seems to speed up.
You puncture the Executioner!
You kill the Executioner!
You reach down and open the door.
There is an open door here.
There is an open door here.
There is an open door here.
You reach down and open the door.
There is an open door here.
There is a stone staircase leading up here.
You fly upwards.
There is a stone staircase leading down here.
You yell at the rust devil!
A rust devil, a lich and a small abomination come into view.
As you read the scroll of teleportation, it crumbles to dust.
You feel strangely unstable.
You feel the Orb delaying your translocation!
The rust devil screeches!
The lich shouts!
There is a stone staircase leading down here.
The lich casts a spell.
The lich flickers and vanishes!
Deactivating autopickup; reactivate with Ctrl-A.
You hear some strange, mumbled words.
Your surroundings suddenly seem different.
There is a stone staircase leading up here.
You fly upwards.
Reactivating autopickup.
There is a stone staircase leading down here.
You see here a potion of degeneration.
There is a stone staircase leading up here.
You fly upwards.
There is a stone staircase leading down here.
You see here an adder skeleton.
An efreet comes into view.
It is wielding a +3 scimitar of flaming.
The efreet gestures at you. The bolt of fire hits you! You resist.
The efreet gestures at you.
The fireball explodes!
The fireball engulfs you but does no damage.
You resist.
You puncture the efreet!
The efreet is poisoned.
The efreet is lightly wounded.
You hit the efreet but do no damage.
The efreet is lightly wounded.
You block the efreet's attack.
You puncture the efreet!
The efreet looks as sick as possible!
The efreet is heavily wounded.
You impale the efreet!!
The efreet looks as sick as possible!
The efreet is almost dead.
The efreet completely misses you.
You completely miss the efreet.
The efreet is almost dead.
You hit the efreet.
You kill the efreet!
There is a stone staircase leading up here.
You fly upwards.
There is a stone staircase leading down here.
As you read the scroll of teleportation, it crumbles to dust.
You feel strangely unstable.
You feel the Orb delaying your translocation!
You start waiting.
Your surroundings suddenly seem different.
You see here a bat skeleton.
There is an open door here.
A green death comes into view.
You hit the green death but do no damage.
You closely miss the green death.
You hit the green death but do no damage.
The green death hits you but does no damage.
The green death is very cold.
The green death is lightly wounded.
You hit the green death.
The green death is lightly wounded.
You puncture the green death!
The green death is moderately wounded.
The green death gestures at you. The poison arrow misses you.
You barely miss the green death.
The green death is moderately wounded.
You hit the green death.
The green death is moderately wounded.
The green death gestures at you. The poison arrow misses you.
You hit the green death but do no damage.
The green death is moderately wounded.
You puncture the green death!
The green death is heavily wounded.
The green death gestures at you. The blast of poison misses you.
You can now pass through a line of other dancers.
You puncture the green death!
The green death is poisoned.
The green death is severely wounded.
You puncture the green death!
The green death is almost dead.
The green death gestures at you.
The blast of poison engulfs you but does no damage.
You are poisoned.
You resist.
You puncture the green death!
The green death looks as sick as possible!
The green death is almost dead.
You feel sick. You block the green death's attack.
You hit the green death.
You kill the green death!
You feel sick.
Your lightning rod (4/4) has regained one charge.
No target in view!
No target in view!
You feel sick.
You feel sick.
You feel sick.
You feel sick.
There is a staircase leading out of the dungeon here.
You feel better.
You have escaped!

#............(..# #.#)
#######..#####.#.# #...
#...###..# #.#.# #.##
#.#......#####.#.## #.##
#####...#.......##.#..# #...
#........##+#+####.##.# #.##
#.###...##.....# #.##.######.#
#........+.....# #.##........#
###..#.###÷#..ß.@# #.##..#####.#
..#..#.# #.'.....# #.##..# #.##
#......# ###.....# #.##..# #...
###....# ##########.....# ####
#.....# #.......#####..# #..##.#
####.....# #..#
#..##.#######...#.####..#
#..##..............÷....########
#..###.##...#.#.#.####..........


There were no monsters in sight!

Vanquished Creatures
  2 dread liches
  4 orbs of fire
  4 ancient liches
  A pandemonium lord (D:14)
  2 juggernauts (Depths:4)
  5 Killer Klowns
  Saint Roka (Vaults:1)
  Margery (Depths:4)
  A curse toe (Zot:2)
  7 golden dragons
  A bone dragon (Depths:4)
  Jorgrun (D:15)
  2 hellephants (Depths:4)
  18 tentacled monstrosities
  4 electric golems
  4 liches
  27 Orb Guardians
  5 titans
  Rupert (D:14)
  8 quicksilver dragons
  2 deep elf master archers (Elf:3)
  2 deep elf blademasters (Elf:3)
  4 sphinxes
  5 death cobs
  Gastronok (Orc:1)
  A searing wretch (Depths:4)
  Polyphemus (Shoals:3)
  2 Executioners
  8 shadow dragons
  Kirke (D:15)
  Frances (D:14)
  6 tengu reavers (Vaults:5)
  9 nagarajas
  15 storm dragons
  Roxanne (Shoals:3)
  Ilsuiw (Shoals:2)
  5 protean progenitors
  7 fire giants
  12 vault wardens
  7 draconian knights
  An iron dragon (Depths:3)
  10 frost giants
  7 draconian scorchers
  6 draconian monks
  6 deep elf sorcerers
  8 draconian shifters
  2 ghost moths
  4 deep elf elementalists (Elf:3)
  2 cacodemons (D:13)
  15 very ugly things
  3 balrugs
  4 draconian stormcallers
  2 broodmothers (Zot:5)
  A ghoul (Vaults:2)
  10 stone giants
  8 ironbound thunderhulks
  6 draconian annihilators
  2 orc warlords
  22 ironbound preservers
  2 spriggan defenders (Depths:4)
  2 vampire knights
  A formless jellyfish (Vaults:3)
  21 purple draconians
  Nessos (D:14)
  9 green draconians
  10 yellow draconians
  A lorocyproca (Depths:1)
  10 deep elf death magi
  15 black draconians
  5 deep elf demonologists (Elf:3)
  9 deep elf annihilators
  6 war gargoyles
  A minotaur (Gauntlet)
  3 spark wasps
  10 red draconians
  14 white draconians
  5 dire elephants
  A green death (D:1)
  5 ettins
  9 merfolk javelineers
  2 blizzard demons
  7 merfolk impalers
  4 fire dragons
  3 crystal guardians
  An entropy weaver (Vaults:1)
  10 yaktaur captains
  10 ice dragons
  Josephine (D:14)
  2 rakshasas
  A spriggan air mage (Depths:4)
  4 deep elf high priests
  4 peacekeepers
  2 hydras
  Erolcha (D:11)
  32 vault guards
  A catoblepas (Shoals:3)
  4 merfolk avatars
  11 great orbs of eyes
  2 ogre magi
  7 ironbound frosthearts
  10 anacondas
  2 salamander tyrants
  6 centaur warriors
  3 merfolk aquamancers (Shoals:4)
  3 satyrs
  6 boulder beetles
  9 two-headed ogres
  9 death yaks
  32 dancing weapons
  2 alligator snapping turtles
  2 vampire magi
  3 tengu warriors
  10 deep troll earth magi
  5 spriggan berserkers (Depths:2)
  10 hell hogs
  10 deep troll shamans
  12 naga sharpshooters
  6 shock serpents
  A sun demon (Depths:1)
  13 naga warriors
  6 orc high priests
  7 hell knights
  3 soul eaters
  Nergalle (Lair:1)
  A sixfirhy (D:13)
  19 deep elf knights
  A skyshark (shapeshifter) (Vaults:5)
  13 deep elf archers
  5 skysharks
  4 spriggans
  11 iron trolls
  A shining eye (shapeshifter) (Vaults:5)
  3 glowing orange brains
  2 salamander mystics
  3 goliath frogs
  3 arcanists
  2 naga ritualists (Snake:2)
  24 sea snakes
  4 skeletal warriors
  2 glowing orange brains (shapeshifter) (Vaults:5)
  5 mana vipers
  3 flayed ghosts
  91 deep trolls
  19 ironbound convokers
  2 necromancers (Depths:3)
  7 phantasmal warriors (Vaults:5)
  14 harpies
  4 thermic dynamos
  8 lindwurms
  10 orc knights
  A harpy (shapeshifter) (D:10)
  A large abomination (D:14)
  34 deep elf pyromancers
  21 ugly things
  24 deep elf zephyrmancers
  14 fauns
  8 salamanders
  6 orc sorcerers
  7 cyclopes
  13 manticores
  27 moths of wrath
  A wolf spider (D:15)
  11 elephants
  8 water nymphs
  22 vault sentinels
  3 meliai (D:14)
  2 kobold blastminers
  4 merfolk sirens
  An ice statue (Shoals:1)
  6 guardian serpents
  A rust devil (D:13)
  18 black mambas
  11 naga magi
  5 kobold demonologists
  21 cane toads
  3 orange demons
  10 komodo dragons
  An unseen horror (D:12)
  3 torpor snails
  An efreet (D:2)
  A hellion (Depths:3)
  A rime drake (Lair:1)
  21 yaktaurs
  Jeremiah (D:9)
  A tormentor (Depths:1)
  2 freezing wraiths (D:15)
  2 tengu conjurers
  A queen bee (D:14)
  A red devil (D:13)
  6 trolls
  35 merfolk
  2 tyrant leeches (Lair:5)
  2 polar bears
  Grinder (D:4)
  Prince Ribbit (D:9)
  A hellwing (D:13)
  2 tarantellas (Zot:1)
  49 blink frogs
  6 hornets
  5 wind drakes
  11 dream sheep
  15 snapping turtles
  8 water elementals
  42 slime creatures
  A vampire (D:9)
  A shadow (D:10)
  5 wraiths
  10 hogs
  A basilisk (Lair:3)
  A ynoxinul (Depths:3)
  6 fire elementals
  38 yaks
  2 wyverns (Lair:1)
  3 wargs (Orc:2)
  3 humans
  A steam dragon (D:8)
  A chaos spawn (D:13)
  A neqoxec (D:13)
  A redback (Vaults:1)
  11 vampire mosquitoes
  2 death yak simulacra (Lair:4)
  A small abomination (D:14)
  32 nagas
  5 acid dragons
  22 water moccasins
  40 orc warriors
  A black bear (Lair:3)
  2 ice beasts (D:7)
  A black bear (shapeshifter) (Elf:3)
  2 laughing skulls
  A sky beast (D:6)
  10 ogres
  10 centaurs
  13 wolves
  2 phantoms
  5 kobold brigands
  2 gnoll sergeants (D:9)
  A scorpion (D:6)
  20 bullfrogs
  An earth elemental (Elf:1)
  3 cane toad simulacra (IceCv)
  3 wights (D:9)
  24 killer bees
  An elephant simulacrum (Lair:4)
  5 electric eels
  5 howler monkeys
  A bombardier beetle (D:6)
  2 hounds (D:5)
  6 jellies
  22 orc priests
  2 gnoll boudas
  Jessica (D:3)
  3 iguanas
  Ijyb (D:4)
  2 sleepcaps
  36 orc wizards
  7 hell rats
  2 polar bear simulacra
  A wolf simulacrum (IceCv)
  18 gnolls
  10 adders
  A white imp (D:5)
  2 ufetubi (D:6)
  2 ribbon worms (D:2)
  4 dart slugs
  88 orcs
  4 endoplasms
  A giant cockroach (D:1)
  12 goblins
  8 hobgoblins
  5 jackals
  17 kobolds
  2 quokkas
  5 ball pythons
  5 bats
  3 frilled lizards
  6 rats
  2 aspiring fleshes (Zot:1)
2076 creatures vanquished.

Vanquished Creatures (collateral kills)
  A titan (Vaults:4)
  An orc knight (Bailey)
  3 orc warriors (Bailey)
  A wolf (Lair:4)
  2 lava snakes (D:8)
  Crazy Yiuf (D:3)
  A gnoll (D:2)
10 creatures vanquished.

Vanquished Creatures (others)
  A shadow dragon (Vaults:5)
  A draconian knight (Zot:3)
  A yellow draconian (Zot:2)
  A merfolk aquamancer (Shoals:3)
  A deep elf zephyrmancer (Elf:1)
  A guardian serpent (Snake:2)
  A black mamba (Lair:4)
  A water elemental (Elf:1)
  A wyvern (Lair:3)
  An orc warrior (Bailey)
  2 lava snakes (D:8)
  An orc priest (Orc:2)
  A gnoll (D:2)
14 creatures vanquished.

Grand Total: 2100 creatures vanquished

Notes
Turn   | Place    | Note
-------+----------+-------------------------------------------
     0 | D:1      | TheMeInTeam the Merfolk Artificer began the quest for the
                  | Orb.
     0 | D:1      | Reached XP level 1. HP: 15/15 MP: 1/1
   227 | D:1      | Reached XP level 2. HP: 18/21 MP: 2/2
   955 | D:2      | Reached XP level 3. HP: 13/27 MP: 3/3
   966 | D:2      | Found Zierphoef's Weapon Shop.
  1135 | D:2      | Reached skill level 1 in Short Blades
  1376 | D:2      | Reached XP level 4. HP: 34/34 MP: 4/4
  1629 | D:2      | Found Ifrecy Kepp's Assorted Antiques.
  1637 | D:2      | Bought a scroll of identify for 52 gold pieces
  1637 | D:2      | Bought a scroll labelled QIQONI REICOHU for 26 gold pieces
  1668 | D:2      | Found Cyanturph's Assorted Antiques.
  1677 | D:2      | Bought a scroll labelled MEADAT BUKHUVI for 18 gold pieces
  1833 | D:2      | Found Wifreiprap's Antique Armour Shoppe.
  2055 | D:3      | Noticed Jessica
  2057 | D:3      | Killed Jessica
  2108 | D:3      | Reached XP level 5. HP: 41/41 MP: 5/5
  2580 | D:3      | Found a runed translucent door.
  2581 | D:3      | Noticed Crazy Yiuf
  2903 | D:2      | Bought a runed dagger for 90 gold pieces
  3020 | D:4      | Noticed Ijyb
  3025 | D:4      | Killed Ijyb
  3030 | D:4      | Noticed Grinder
  3041 | D:4      | Killed Grinder
  3042 | D:4      | Reached XP level 6. HP: 49/49 MP: 6/6
  3283 | D:4      | Reached XP level 7. HP: 25/55 MP: 7/7
  3433 | D:4      | Reached skill level 5 in Fighting
  3433 | D:4      | Reached skill level 5 in Short Blades
  3601 | D:4      | Identified the +5 whip "Luropsof" {drain, rPois SInv}
  4074 | D:5      | Entered Level 5 of the Dungeon
  4255 | D:5      | Reached XP level 8. HP: 34/64 MP: 8/8
  4389 | D:5      | Reached skill level 1 in Maces & Flails
  4475 | D:5      | Found an iron altar of Okawaru.
  4500 | D:5      | Reached skill level 5 in Evocations
  5919 | D:6      | Found a transporter.
  6357 | D:6      | Noticed bronco's ghost (novice CoGl)
  6376 | D:6      | Found a transporter.
  6820 | D:6      | Reached XP level 9. HP: 54/72 MP: 9/9
  7127 | D:7      | Found a flagged portal.
  7168 | Bailey   | Entered a bailey
  8245 | Bailey   | Noticed an orc knight
  8245 | Bailey   | Noticed an orc knight
  8272 | Bailey   | Killed an orc knight
  8273 | Bailey   | Reached skill level 10 in Short Blades
  8273 | Bailey   | Reached XP level 10. HP: 84/84 MP: 10/10
  8460 | Bailey   | Killed an orc knight
  8461 | Bailey   | Reached skill level 10 in Fighting
  8461 | Bailey   | Reached skill level 3 in Dodging
  8624 | D:7      | Reached skill level 8 in Dodging
  8624 | D:7      | Reached XP level 11. HP: 90/90 MP: 11/11
  8761 | D:7      | Found a staircase to the Ecumenical Temple.
  8971 | Temple   | Entered the Ecumenical Temple
  8981 | Temple   | Became a worshipper of Uskayaw the Reveller
  9017 | D:7      | Reached * piety under Uskayaw
  9163 | D:7      | Reached ** piety under Uskayaw
  9249 | D:7      | Reached skill level 1 in Invocations
  9259 | D:7      | Reached *** piety under Uskayaw
  9263 | D:7      | Reached **** piety under Uskayaw
  9548 | D:7      | Found a bloodstained altar of Trog.
  9549 | D:7      | Found an ornate altar of the Wu Jian Council.
  9550 | D:7      | Found a hazy altar of Hepliaklqana.
  9909 | D:8      | Reached skill level 9 in Dodging
  9963 | D:8      | Reached ***** piety under Uskayaw
  9974 | D:8      | Reached ****** piety under Uskayaw
  9977 | D:8      | Reached skill level 5 in Armour
 10382 | D:8      | Found an ancient bone altar of Kikubaaqudgha.
 10405 | D:8      | Found a runed translucent gate.
 10405 | D:8      | Found a runed translucent gate.
 10408 | D:8      | Found a runed translucent gate.
 10408 | D:8      | Noticed EvilEddieB's ghost (novice DsNe)
 10449 | D:8      | Noticed an orange crystal statue
 10807 | D:8      | Found a shimmering altar of Xom.
 10985 | D:8      | Found a shadowy altar of Dithmenos.
 11278 | D:3      | Killed Crazy Yiuf
 11457 | D:9      | Found a staircase to the Lair.
 11876 | D:9      | Noticed Prince Ribbit
 11895 | D:9      | Killed Prince Ribbit
 12233 | D:9      | Found a burning altar of Makhleb.
 12248 | D:9      | Noticed Jeremiah
 12463 | D:9      | Found a staircase to the Orcish Mines.
 12482 | D:9      | Reached skill level 1 in Shields
 12563 | D:9      | Reached skill level 10 in Dodging
 12800 | D:9      | Killed Jeremiah
 12911 | D:9      | Found a glowing golden altar of the Shining One.
 13185 | D:10     | Entered Level 10 of the Dungeon
 13583 | D:10     | Reached XP level 12. HP: 95/97 MP: 15/15
 13681 | D:10     | Noticed a two-headed ogre
 13688 | D:10     | Killed a two-headed ogre
 13689 | D:10     | Reached skill level 5 in Invocations
 14074 | D:2      | Bought a dyed leather armour for 125 gold pieces
 14120 | D:2      | Bought a +2 short sword of speed for 294 gold pieces
 14165 | D:2      | Bought a potion of curing for 54 gold pieces
 14454 | Lair:1   | Entered Level 1 of the Lair of Beasts
 14809 | Lair:1   | Noticed Nergalle
 15719 | Lair:1   | Reached skill level 11 in Dodging
 15923 | Lair:1   | Killed Nergalle
 17409 | Lair:2   | Identified the +1 chain mail of Pleasant Breezes {Str-3
                  | Dex+3 Stlth+}
 17546 | Lair:2   | Reached XP level 13. HP: 78/104 MP: 18/18
 17744 | Lair:1   | Reached skill level 5 in Maces & Flails
 18000 | Lair:2   | Reached skill level 5 in Shields
 18572 | Lair:2   | Reached skill level 12 in Dodging
 19505 | Lair:3   | Found the +3 greatsling "Punk" {acid, rCorr}
 20243 | Lair:3   | Found a staircase to the Shoals.
 20494 | Lair:3   | Reached skill level 1 in Ranged Weapons
 20725 | Lair:3   | Found a staircase to the Snake Pit.
 21204 | Lair:4   | Identified a scroll of acquirement
 21204 | Lair:4   | Acquired the +6 rapier "Buleamargh" {freeze, rC++ Dex-2}
 21498 | Lair:4   | Found a frozen archway.
 21683 | IceCv    | Entered an ice cave
 21805 | IceCv    | Found a transporter.
 21821 | IceCv    | Found a transporter.
 21834 | IceCv    | Identified the +6 chain mail of the Glamorous God {rPois
                  | Will+}
 22225 | Lair:4   | Found a snail-covered altar of Cheibriados.
 22533 | Lair:4   | Reached XP level 14. HP: 67/113 MP: 20/20
 23113 | Lair:4   | Reached skill level 13 in Dodging
 23153 | Lair:5   | Entered Level 5 of the Lair of Beasts
 23162 | Lair:5   | Found a staircase to the Slime Pits.
 24966 | Lair:5   | Got the Papyrus of Shared Compounds
 25551 | Lair:5   | Found a staircase to the Slime Pits.
 26045 | Lair:5   | Upgraded the game from 0.32-a0-898-g7811c86cf0 to
                  | 0.32-a0-975-g85d4e5bfdb
 26170 | Orc:1    | Entered Level 1 of the Orcish Mines
 26181 | Orc:1    | Found a radiant altar of Vehumet.
 26347 | Orc:2    | Entered Level 2 of the Orcish Mines
 26385 | Orc:2    | Found a staircase to the Elven Halls.
 26541 | Orc:2    | Found Xokkif's Distillery.
 26598 | Orc:2    | Found Biakerch's Magic Scroll Shop.
 26606 | Orc:2    | Found a gate leading to a gauntlet.
 26613 | Gauntlet | Entered a Gauntlet
 26613 | Gauntlet | Found a transporter.
 26631 | Gauntlet | Found a transporter.
 26646 | Gauntlet | Found a transporter.
 26647 | Gauntlet | Found a transporter.
 26663 | Gauntlet | Found a transporter.
 26677 | Gauntlet | Found a transporter.
 26686 | Gauntlet | Noticed a dire elephant
 26690 | Gauntlet | Found a transporter.
 26710 | Gauntlet | Found a transporter.
 26714 | Gauntlet | Found a transporter.
 26723 | Gauntlet | Found a transporter.
 26748 | Gauntlet | Found a transporter.
 26750 | Gauntlet | Found a transporter.
 26937 | Gauntlet | Identified the amulet "Yproameh" {Reflect -Tele MP+9 Int+10
                  | Dex-4 SH+5}
 26961 | Gauntlet | Reached XP level 15. HP: 121/122 MP: 20/22
 27267 | Gauntlet | Identified the amulet of Xumivo {rF++ RegenMP+}
 27267 | Gauntlet | Identified the +2 short sword of the Eternal Warrior {vamp,
                  | rF+ Will+}
 27267 | Gauntlet | Identified the +10 great sword "Zajoimul" {flame, Int+2
                  | Dex+4}
 27354 | Orc:2    | Reached skill level 14 in Dodging
 27424 | Orc:2    | Noticed an orc warlord
 27442 | Orc:2    | Killed an orc warlord
 27851 | Orc:1    | Noticed an orc warlord
 27863 | Orc:1    | Killed an orc warlord
 27983 | Orc:1    | Noticed Gastronok
 28022 | Orc:1    | Killed Gastronok
 28448 | Orc:2    | Reached skill level 10 in Invocations
 28668 | Orc:2    | Reached skill level 5 in Ranged Weapons
 28739 | Orc:2    | Found Rast's Jewellery Shoppe.
 28744 | Orc:2    | Bought a potion of haste for 110 gold pieces
 28744 | Orc:2    | Bought a potion of heal wounds for 55 gold pieces
 28744 | Orc:2    | Bought a potion of might for 44 gold pieces
 28747 | Orc:2    | Bought a scroll of blinking for 112 gold pieces
 28747 | Orc:2    | Bought a scroll of teleportation for 45 gold pieces
 28747 | Orc:2    | Bought a scroll of immolation for 60 gold pieces
 28750 | Orc:2    | Bought a ring of poison resistance for 280 gold pieces
 28750 | Orc:2    | Bought a +6 ring of dexterity for 504 gold pieces
 28860 | Orc:2    | Found Winuin's General Store.
 28861 | Orc:2    | Found Ykhliarim's Book Shop.
 28866 | Orc:2    | Found Mioni's Antique Armour Boutique.
 28866 | Orc:2    | Found Lehat's Antique Weapon Boutique.
 28871 | Orc:2    | Bought a masterwork ring mail for 207 gold pieces
 28871 | Orc:2    | Identified the +0 ring mail "Ycvuusm" {Int+3 Dex+4} (You
                  | bought it in a shop on level 2 of the Orcish Mines)
 28873 | Orc:2    | Bought an iridescent rapier for 261 gold pieces
 28873 | Orc:2    | Identified the +7 rapier "Xucvora" {speed, ^Drain rF++}
                  | (You bought it in a shop on level 2 of the Orcish Mines)
 28883 | Orc:2    | Bought a scroll of fear for 52 gold pieces
 29714 | D:11     | Noticed Erolcha
 29729 | D:11     | Killed Erolcha
 30152 | D:12     | Identified the ring of Isader {rC+ Will+ Str+2}
 30513 | D:12     | You fall into a shaft and drop 1 floor!
 30717 | D:13     | Reached skill level 15 in Dodging
 31476 | D:13     | Noticed a balrug
 31484 | D:13     | Killed a balrug
 31630 | D:13     | Found a burning altar of Makhleb.
 31631 | D:13     | Noticed a cacodemon
 31641 | D:13     | Killed a cacodemon
 31731 | D:13     | Got Unneusiz's Volume of Jinxed Sparks
 31736 | D:13     | Identified the ring "Peppann" {Fly rPois rN+ Will++ Stlth-}
 31781 | D:13     | Reached XP level 16. HP: 132/132 MP: 23/23
 31887 | D:13     | Gained mutation: You are vulnerable to cold. (rC-) [a
                  | cacodemon]
 31903 | D:13     | Identified the +2 ring mail "Terouni" {-Tele Harm rPois
                  | Stlth+}
 32238 | D:13     | Lost mutation: You are vulnerable to cold. (rC-) [potion of
                  | mutation]
 32238 | D:13     | Gained mutation: You possess an exceptional clarity of
                  | mind. [potion of mutation]
 32341 | D:14     | Noticed Nessos
 32351 | D:14     | Killed Nessos
 32534 | D:14     | Noticed Frances
 32542 | D:14     | Killed Frances
 32599 | D:14     | Noticed Rupert
 32613 | D:14     | Killed Rupert
 32814 | D:14     | Found a radiant altar of Vehumet.
 32885 | D:14     | Reached skill level 16 in Dodging
 33549 | D:14     | Noticed Josephine
 33651 | D:14     | Killed Josephine
 34317 | D:14     | Found a gate to the Vaults.
 34458 | D:15     | Entered Level 15 of the Dungeon
 34540 | D:15     | Noticed Kirke
 34556 | D:15     | Killed Kirke
 34972 | D:15     | Found a staircase to the Depths.
 35344 | D:15     | Noticed Jorgrun
 35359 | D:15     | Killed Jorgrun
 36083 | Orc:2    | Bought a polished short sword for 232 gold pieces
 36083 | Orc:2    | Identified the +8 short sword of Gumiab {freeze, ^Fragile
                  | MP+9 Int+8} (You bought it in a shop on level 2 of the
                  | Orcish Mines)
 36318 | Snake:1  | Entered Level 1 of the Snake Pit
 36698 | Snake:1  | Found Fiodwow's Weapon Boutique.
 37563 | Snake:2  | Reached skill level 17 in Dodging
 37826 | Snake:2  | Reached skill level 15 in Fighting
 37892 | Snake:2  | Found Arghavviu's Magic Scroll Shop.
 37912 | Snake:2  | Reached XP level 17. HP: 105/142 MP: 24/24
 38022 | Snake:2  | Bought a scroll of vulnerability for 68 gold pieces
 38022 | Snake:2  | Bought a scroll of teleportation for 51 gold pieces
 38022 | Snake:2  | Bought a scroll of vulnerability for 68 gold pieces
 38022 | Snake:2  | Bought a scroll of fear for 68 gold pieces
 38022 | Snake:2  | Bought a scroll of fear for 68 gold pieces
 40508 | Shoals:1 | Entered Level 1 of the Shoals
 41125 | Shoals:1 | Found Bigg's Weapon Boutique.
 41276 | Shoals:1 | Identified the +0 robe of the Heron {Int+2 Stlth+}
 41880 | Shoals:2 | Reached skill level 10 in Shields
 42110 | Shoals:2 | Reached skill level 10 in Ranged Weapons
 42326 | Shoals:2 | Reached skill level 18 in Dodging
 42458 | Shoals:2 | Noticed Ilsuiw
 42880 | Shoals:2 | Killed Ilsuiw
 43334 | Shoals:3 | Noticed Polyphemus
 43532 | Shoals:3 | Killed Polyphemus
 43627 | Shoals:3 | Reached XP level 18. HP: 143/151 MP: 25/25
 43874 | Shoals:3 | Noticed Roxanne
 44485 | Shoals:4 | Entered Level 4 of the Shoals
 44858 | Shoals:4 | Identified the amulet "Seyg" {Faith Rampage +Inv rCorr
                  | Dex-2}
 45066 | Shoals:4 | Reached XP level 19. HP: 151/159 MP: 26/26
 45921 | Shoals:4 | Reached skill level 19 in Dodging
 46211 | Shoals:4 | Got a barnacled rune of Zot
 46344 | Shoals:4 | Identified the +9 spear "Killer Bee's Regret" {venom,
                  | Stlth+}
 46493 | Shoals:4 | Identified the +0 battleaxe of the Spider {holy, Fly rCorr}
 46802 | Snake:4  | Entered Level 4 of the Snake Pit
 46813 | Snake:4  | Reached XP level 20. HP: 167/167 MP: 27/27
 48449 | Snake:4  | Reached XP level 21. HP: 166/174 MP: 28/28
 48955 | Snake:4  | Got a serpentine rune of Zot
 49284 | Elf:1    | Entered Level 1 of the Elven Halls
 49465 | Elf:1    | Reached skill level 20 in Dodging
 49561 | Elf:1    | Found a runed translucent gate.
 49561 | Elf:1    | Found a runed translucent gate.
 49561 | Elf:1    | Found a runed translucent gate.
 49562 | Elf:1    | Found an opulent altar of Gozag.
 49562 | Elf:1    | Found Zouruow's Assorted Antiques.
 49566 | Elf:1    | Noticed Jabb's ghost (adept DsGl)
 49643 | Elf:1    | Found Umyevviome's Armour Emporium.
 49646 | Elf:1    | Bought a +1 cloak of willpower for 297 gold pieces
 49665 | Elf:1    | Found Hoz Zice's Antique Weapon Shoppe.
 49668 | Elf:1    | Bought a jewelled rapier for 288 gold pieces
 49668 | Elf:1    | Identified the +10 rapier of Doom {venom, Will+ Dex+8
                  | Stlth+} (You bought it in a shop on level 1 of the Elven
                  | Halls)
 50024 | Elf:1    | Found Poovym's Antique Armour Shop.
 50401 | Elf:2    | Found a flickering gateway to a bazaar.
 50424 | Bazaar   | Entered a bazaar
 50427 | Bazaar   | Found Ciysso's General Store.
 50431 | Bazaar   | Found Zoqetz's General Store.
 50431 | Bazaar   | Found Liohalat's Armour Boutique.
 50432 | Bazaar   | Found Zaecer Howe's Antique Weapon Boutique.
 51384 | Elf:2    | Found a runed translucent gate.
 51384 | Elf:2    | Found a runed translucent gate.
 51385 | Elf:2    | Found a runed translucent gate.
 52576 | Elf:3    | Entered Level 3 of the Elven Halls
 52808 | Elf:3    | Reached skill level 21 in Dodging
 53090 | Elf:3    | Reached XP level 22. HP: 172/185 MP: 29/29
 53400 | Elf:3    | Found Zywawk's General Store.
 53400 | Elf:3    | Found Cout's Jewellery Shop.
 53527 | Elf:3    | Identified the +8 hand axe "Gagrado" {flame, rPois rN+
                  | Int-2}
 53685 | Elf:3    | Found Cuem's Jewellery Emporium.
 54180 | Elf:3    | Identified the +8 chain mail of Midsummer {rPois rF++ Will-
                  | Regen+}
 54496 | Elf:3    | Identified the +6 dagger of Mutilation {heavy, *Slow rC+++
                  | Str+3 Dex-4}
 54733 | Elf:3    | Identified the +4 dagger "Urpham" {freeze, rC+ Int+2 Dex+3}
 54736 | Elf:3    | Got the Tractate on the Blinking Pyromaniac
 54749 | Elf:3    | Identified the +8 arbalest "Fuxosche" {antimagic, Int+4}
 54893 | Elf:3    | Bought the ring of Focenuuc {rElec rC+ rN+ Stlth+} for 744
                  | gold pieces
 55153 | Vaults:1 | Entered Level 1 of the Vaults
 55412 | Vaults:1 | Reached skill level 22 in Dodging
 55883 | Vaults:1 | Noticed Saint Roka
 56273 | Vaults:1 | Identified the +2 scale mail of the Sailor {-Cast *Corrode
                  | rN+++ Stlth+}
 56707 | Vaults:1 | Killed Saint Roka
 56721 | Vaults:1 | Reached skill level 15 in Shields
 56995 | Vaults:1 | Reached skill level 5 in Stealth
 57541 | Vaults:2 | Reached XP level 23. HP: 149/196 MP: 27/30
 58193 | Vaults:2 | Found a staircase to the Crypt.
 59012 | Vaults:3 | Paralysed by a formless jellyfish for 1 turns
 59578 | Vaults:3 | Reached skill level 10 in Armour
 62129 | Depths:1 | Entered Level 1 of the Depths
 62216 | Depths:1 | Reached XP level 24. HP: 154/208 MP: 31/31
 62222 | Depths:1 | Reached skill level 10 in Stealth
 62641 | Depths:1 | Found a gateway to Hell.
 62903 | Depths:1 | Found a one-way gate to the infinite horrors of the Abyss.
 63276 | Depths:1 | Found a one-way gate leading to the halls of Pandemonium.
 65236 | Depths:3 | Found a transporter.
 65603 | Depths:3 | Found a corrupted altar of Lugonu.
 65777 | Depths:3 | Found a corrupted altar of Lugonu.
 65941 | Depths:3 | Found Jilamadue's Antique Armour Boutique.
 66085 | Depths:3 | Found a shadowy altar of Dithmenos.
 66331 | Depths:3 | Found a transporter.
 66440 | Depths:4 | Entered Level 4 of the Depths
 66690 | Depths:4 | Noticed a juggernaut
 66702 | Depths:4 | Killed a juggernaut
 66812 | Depths:4 | Found a one-way gateway to a ziggurat.
 66869 | Depths:4 | Reached XP level 25. HP: 206/219 MP: 33/33
 66877 | Depths:4 | Noticed Margery
 66886 | Depths:4 | Killed Margery
 67186 | Depths:4 | Noticed a juggernaut
 67211 | Depths:4 | Killed a juggernaut
 67827 | Depths:4 | Found a gate to the Realm of Zot.
 68189 | Vaults:5 | Entered Level 5 of the Vaults
 68215 | Vaults:5 | Reached skill level 15 in Invocations
 68235 | Vaults:5 | Reached skill level 23 in Dodging
 68423 | Vaults:5 | Identified the ring of Zylucseysm {rC+ rN+ Str+3 Dex-3}
 68432 | Vaults:5 | Identified the +7 plate armour of Narchit {Int+3}
 68806 | Vaults:5 | Identified the +12 sling "Zoetsoaj" {heavy, Int+5}
 69055 | Vaults:5 | Got Koolagh's Enchiridion on Malediction and Wicked
                  | Ceremonies
 69134 | Vaults:5 | Identified the +5 leather armour of Wisdom {rElec Dex-5
                  | SInv}
 69277 | Vaults:5 | Identified the amulet "Vunimy" {+Inv rC+ Regen+ Dex+3}
 69282 | Vaults:5 | Reached skill level 24 in Dodging
 69491 | Vaults:5 | Got the Lectures on Forces
 69926 | Vaults:5 | Got a silver rune of Zot
 70219 | Vaults:5 | Reached XP level 26. HP: 228/228 MP: 35/35
 70334 | Vaults:5 | Acquired 714 gold pieces
 70801 | Vaults:5 | Identified the +6 great sword of the Messenger {flame, rF-
                  | Dex+6}
 70841 | Vaults:5 | Identified the +6 sling of Chance {drain, Int+4 Dex+3}
 70915 | Vaults:5 | Noticed an ancient lich
 70923 | Vaults:5 | Killed an ancient lich
 70924 | Vaults:5 | Reached skill level 25 in Dodging
 71260 | Elf:1    | Bought fading fire dragon scales for 2600 gold pieces
 71260 | Elf:1    | Identified the +8 fire dragon scales of the Game Afoot
                  | {rPois rF++ rC- Str+2 Int+2} (You bought it in a shop on
                  | level 1 of the Elven Halls)
 71486 | Snake:2  | Bought a scroll of enchant armour for 127 gold pieces
 71486 | Snake:2  | Bought a scroll of enchant armour for 127 gold pieces
 72087 | Shoals:3 | Killed Roxanne
 72436 | Zot:1    | Entered Level 1 of the Realm of Zot
 72611 | Zot:1    | Found a runed translucent door.
 72613 | Zot:1    | Noticed spaghetti's ghost (veteran NaBe)
 72811 | Zot:1    | Identified the +12 plate armour of the Untouchables {rPois}
 73485 | Zot:2    | Noticed an orb of fire
 73498 | Zot:2    | Gained mutation: Your body sometimes deteriorates upon
                  | taking damage. [an orb of fire]
 73519 | Zot:2    | Killed an orb of fire
 73637 | Zot:2    | Reached skill level 26 in Dodging
 74355 | Zot:2    | Identified the +5 mace of Circularity {flame, Str+3}
 74492 | Zot:2    | Noticed an orb of fire
 74494 | Zot:2    | Gained mutation: You occasionally lose the ability to read
                  | scrolls when taking damage. [an orb of fire]
 74503 | Zot:2    | Gained mutation: You occasionally shout uncontrollably at
                  | your foes. [an orb of fire]
 74506 | Zot:2    | Killed an orb of fire
 74582 | Zot:2    | Noticed a Killer Klown
 74584 | Zot:2    | Reached skill level 27 in Dodging
 74600 | Zot:2    | Killed a Killer Klown
 74965 | Zot:3    | Reached XP level 27. HP: 189/235 MP: 37/37
 76663 | Zot:5    | Entered Level 5 of the Realm of Zot
 77228 | Zot:5    | Noticed a dread lich
 77230 | Zot:5    | Noticed an orb of fire
 77451 | Zot:5    | Noticed an ancient lich
 77604 | Zot:5    | Gained mutation: Your body often deteriorates upon taking
                  | damage. [an orb of fire]
 77605 | Zot:5    | Gained mutation: You frequently scream uncontrollably at
                  | your foes. [an orb of fire]
 77606 | Zot:5    | Killed an ancient lich
 77610 | Zot:5    | Gained mutation: You occasionally lose the ability to drink
                  | potions when taking damage. [an orb of fire]
 77611 | Zot:5    | Gained mutation: You are frail. (-10% HP) [an orb of fire]
 77618 | Zot:5    | Killed an orb of fire
 77710 | Zot:5    | Killed a dread lich
 77966 | Zot:5    | Noticed an orb of fire
 77970 | Zot:5    | Noticed a dread lich
 77979 | Zot:5    | Killed an orb of fire
 78166 | Zot:5    | Noticed an ancient lich
 78430 | Zot:4    | Killed a dread lich
 78481 | Zot:5    | Killed an ancient lich
 78811 | Zot:5    | Noticed an ancient lich
 78823 | Zot:5    | Killed an ancient lich
 78932 | Zot:5    | Lost mutation: You frequently scream uncontrollably at your
                  | foes. [potion of mutation]
 78932 | Zot:5    | Lost mutation: You occasionally lose the ability to read
                  | scrolls when taking damage. [potion of mutation]
 78932 | Zot:5    | Lost mutation: You are frail. (-10% HP) [potion of
                  | mutation]
 78932 | Zot:5    | Gained mutation: You expend magic power (3 MP) to
                  | strengthen your wands. [potion of mutation]
 78932 | Zot:5    | Gained mutation: A frigid envelope surrounds you and
                  | freezes all who hurt you. [potion of mutation]
 78932 | Zot:5    | Gained mutation: You have an increased reservoir of magic.
                  | (+10% MP) [potion of mutation]
 78932 | Zot:5    | Gained mutation: Your flesh is heat resistant. (rF+)
                  | [potion of mutation]
 78933 | Zot:5    | Lost mutation: Your flesh is heat resistant. (rF+) [potion
                  | of mutation]
 78933 | Zot:5    | Lost mutation: You have an increased reservoir of magic.
                  | (+10% MP) [potion of mutation]
 78933 | Zot:5    | Gained mutation: You have sharp fingernails. [potion of
                  | mutation]
 78933 | Zot:5    | Gained mutation: You have a pair of small antennae on your
                  | head. [potion of mutation]
 78941 | Zot:5    | Got the Orb of Zot
 78974 | Zot:5    | Noticed Upikidur the pandemonium lord
 79284 | D:14     | Noticed Imamp the pandemonium lord
 79317 | D:14     | Killed Imamp the pandemonium lord
 79678 | D:$      | Escaped with the Orb!

Illustrated notes

Levels and vault maps discovered:
D:1:      minmay_arrival_solitary_statue, layout_loops_ring
D:2:      layout_basic, serial_shops, shop_fountains,
          nicolae_shop_overgrown_old_shop, shop, nicolae_shop_waterfront
D:3:      layout_basic, uniq_jessica, uniq_crazy_yiuf_cottage
D:4:      layout_cave_pools, serial_library, serial_library_hellmonk_big_corner,
          serial_library_hellmonk_recessed_alcove,
          serial_library_regret_index_double_sided,
          serial_library_hellmonk_secret_room,
          serial_library_hellmonk_statue_hall, serial_library_hellmonk_junction,
          serial_library_hellmonk_open_square,
          serial_library_regret_index_double_sided, nrook_loot_triangle,
          minmay_strange_pillars, uniq_grinder, uniq_ijyb
D:5:      layout_loops_corners, mainiacjoe_overflow_24_doors,
          roderic_serpentine_path
D:6:      layout_basic, gammafunk_ghost_arena
D:7:      layout_basic, chequers_temple_overflow_statue_of_worship,
          minmay_temple_entry_antechambers, enter_bailey_3, minivault_1,
          grunt_livestock, grunt_decor_arrowhead
D:8:      layout_basic, nicolae_kikubaaqudgha_miasma_corner,
          jmf_multi_god_temple2, ebering_ghost_rock_garden, disabler_island
D:9:      layout_basic, mainiacjoe_overflow_alcove_4,
          nicolae_tso_carved_into_rock, lair_entry_dummy, serial_corexii_hall,
          corexii_hall_statues_l, chequers_hall_statues_corner_a, uniq_jeremiah,
          uniq_prince_ribbit1
D:10:     layout_roguey
D:11:     layout_basic, uniq_erolcha
D:12:     layout_loops_ring
D:13:     evilmike_makhleb_hellhole, layout_basic
D:14:     layout_cave_pods, hellmonk_vaults_keyhole, special_room
          [special_room_bee], nicolae_vehumet_radiance, uniq_frances,
          uniq_josephine, uniq_rupert, uniq_nessos
D:15:     hangedman_depths_entry_try_elsewhere_first, layout_stronghold,
          amcnicky_mini_rare_corridor_liquid, minivault_23, grunt_tough_drop,
          uniq_kirke, uniq_jorgrun
Temple:   nicolae_temple_bog_church
Lair:1:   layout_gridlike, serial_bayou_shore_b, grunt_megastairs_1,
          infiniplex_staircase_pool, uniq_nergalle
Lair:2:   layout_regular_city
Lair:3:   layout_cave_pods, elwin_shoals_entry_stream,
          alex1729_snake_entry_snake
Lair:4:   layout_misc_corridors, basic_altar,
          portal_ice_cave_entry_ice_simulacra, st_stairs_5, nzn_random_ring
Lair:5:   minmay_lair_end_frog_pond, layout_loops_ring,
          minmay_slime_entry_pillars
Shoals:1: layout_shoals, serial_shops, shop, dpeg_stationary_puzzle
Shoals:2: layout_shoals, nicolae_shoals_shepherds, uniq_ilsuiw
Shoals:3: layout_shoals, nicolae_shoals_former_cling_halls, uniq_polyphemus,
          uniq_roxanne
Shoals:4: shoals_end_simple, layout_shoals
Snake:1:  layout_honeycomb, serial_shops, shop
Snake:2:  layout_gridlike, serial_shops, shop
Snake:3:  layout_basic, lemuel_fruit_tree, uniq_asterion
Snake:4:  grunt_snake_rune_pools, layout_cave_town
Orc:1:    layout_diamond_mine, basic_altar, uniq_gastronok
Orc:2:    st_orc_congregation, layout_diamond_mine, gauntlet_entry_generic,
          guppyfry_orc_lava_fort
Elf:1:    eino_elf_arrival_sip, layout_gridlike, ebering_ghost_gozag,
          serial_shops, nicolae_shop_tiny_real_fake_doors,
          nicolae_shop_behind_doors, nicolae_shop_tiny_real_fake_doors,
          minmay_elf_crystal_hexagon, grunt_megastairs_2
Elf:2:    elven_hall_of_blades_hangedman_original
          [infiniplex_blade_entry_pillars], layout_geoelf_grid, serial_shops,
          bzr_entry_lakeside, nicolae_letterblocks [nicolae_letter_subblock,
          nicolae_letter_subblock, nicolae_letter_subblock,
          nicolae_letter_subblock, nicolae_letter_subblock,
          nicolae_letter_subblock, nicolae_letter_subblock,
          nicolae_letter_subblock, nicolae_letter_subblock,
          nicolae_letter_subblock, nicolae_letter_subblock,
          nicolae_letter_subblock, nicolae_letter_subblock,
          nicolae_letter_subblock, nicolae_letter_subblock,
          nicolae_letter_subblock, nicolae_letter_subblock,
          nicolae_letter_subblock, nicolae_letter_subblock,
          nicolae_letter_subblock, nicolae_letter_subblock,
          nicolae_letter_subblock, nicolae_letter_subblock,
          nicolae_letter_subblock, nicolae_letter_subblock]
Elf:3:    grunt_elf_hall_branching, layout_rooms, serial_shops, shop,
          minmay_misc_feat_alley, minmay_shoptagon
Vaults:1: nicolae_vaults_turnstiles, nicolae_vaults_little_squares_3,
          nicolae_vaults_prndl, ontoclasm_vaults_ring_small,
          nicolae_vaults_theta, nicolae_vaults_theta, nicolae_vaults_cochlea,
          v_misc_3, v_pattern_3, nicolae_vaults_closet_pinwheel_1,
          nicolae_vaults_double_plus_2, layout_vaults_omnicross, uniq_saint_roka
Vaults:2: v_alt_pattern_2, minmay_crypt_entry_simple_round, v_pattern_4,
          nicolae_vaults_an_arrangement, nicolae_vaults_yaktaur_gun_rack,
          v_misc_5, hangedman_vaults_capsules, ontoclasm_vaults_decontamination,
          nicolae_vaults_alarming, nicolae_vaults_specimen_jars,
          vaults_room_semicircle, nicolae_vaults_diamond_2,
          layout_vaults_chaotic_city
Vaults:3: ontoclasm_vaults_spin, vaults_room_octagon, nicolae_vaults_two_Ls,
          v_misc_11, nicolae_vaults_security_offices_5, vaults_room_pools,
          vaults_room_pool, layout_vaults_quadrants
Vaults:4: nicolae_vaults_little_squares_4, nicolae_vaults_whirlpool_walls,
          v_misc_30, v_alt_pattern_1, vaults_dpeg_cross, vaults_room_fours,
          hangedman_vaults_snaps, nicolae_vaults_tetromino_L_2,
          hangedman_vaults_stagger, nicolae_vaults_double_plus_3, v_misc_2,
          v_misc_25, layout_vaults_ring
Vaults:5
Depths:1: layout_roguey, nicolae_two_hexagons, hangedman_tar_grid_catacomb,
          abyss_entry_glasseish, rand_demon_pan_entry_3,
          chequers_serial_rivers_marsh, minivault_11,
          serial_sigils_hangedman_stare
Depths:2: minmay_bubble_buster, layout_gridlike, minmay_door_square,
          rand_demon_pan_entry_4, pf_vacation_house_of_asmodeus
Depths:3: gammafunk_corrupted_shrine, layout_cave_pools, grunt_pan_entry_spiral,
          kennysheep_pointless_box, serial_shops, nicolae_shop_dealshenge,
          abyss_entry_flame_altar, hell_entry, grunt_dithmenos_smoke_and_mirrors
Depths:4: grunt_twist_and_shout, layout_cave_pools, enter_ziggurat_f,
          grunt_hell_horde, uniq_josephina, uniq_margery
Zot:1:    layout_basic, ebering_ghost_inner_flame
Zot:2:    cheibrodos_zot_enchanting_chambers, layout_onion,
          hangedman_zot_wheel_spokes, grunt_megastairs_5
Zot:3:    layout_misc_corridors
Zot:4:    layout_misc_corridors
Zot:5:    layout_misc_corridors

Skill      XL: |  1  2  3  4  5  6  7  8  9 10 11 12 13 14 15 16 17 18 19 20 21 22 23 24 25 26 27 |
---------------+----------------------------------------------------------------------------------+-----
Stealth        | 2 6 9 10 | 10.0
Fighting       | 2 3 4 5 7 9 10 11 12 13 15 16 17 18 20 21 22 23 | 23.0
Short Blades   | 1 2 4 6 7 10 12 13 14 | 14.0
Evocations     | 4 5 6 |  6.0
Maces & Flails | 2 3 4 6 |  6.0
Dodging        | 8 10 11 12 13 15 17 18 19 21 22 24 27 | 27.0
Armour         | 4 5 6 7 8 9 10 11 | 11.0
Invocations    | 4 6 8 9 10 11 14 17 20 25 | 25.9
Shields        | 2 4 6 7 8 9 10 11 12 13 15 16 18 | 18.0
Ranged Weapons | 2 4 6 8 10 11 12 14 | 14.0

Action                     |  1- 3 |  4- 6 |  7- 9 | 10-12 | 13-15 | 16-18 | 19-21 | 22-24 | 25-27 || total
---------------------------+-------+-------+-------+-------+-------+-------+-------+-------+-------++-------
  Melee: Club              |    48 |       |       |       |       |       |       |       |       ||    48
         Short sword       |    87 |   145 |    16 |   480 |       |       |       |       |       ||   728
         Whip              |     6 |       |   269 |   398 |    75 |       |       |       |       ||   748
         Dagger            |       |       |     1 |   309 |   421 |       |       |       |       ||   731
         Tailslap          |       |       |       |     4 |     4 |       |       |       |       ||     8
         Rapier            |       |       |       |       |   517 |   361 |   187 |   770 |   892 ||  2727
   Fire: Sling             |     5 |    72 |    18 |       |       |       |       |       |       ||    95
         Arbalest          |       |       |    19 |       |       |       |       |       |       ||    19
         Greatsling        |       |       |       |       |   792 |  1161 |   956 |  1693 |  1711 ||  6313
  Throw: Dart              |     5 |       |    25 |    34 |     7 |       |       |       |       ||    71
 Invoke: Grand Finale      |       |       |       |       |     3 |       |     2 |     6 |     7 ||    18
         Line Pass         |       |       |       |       |     2 |       |       |     7 |    23 ||    32
         Stomp             |       |       |       |       |       |       |       |    23 |    47 ||    70
  Evoke: Wand              |     3 |     7 |    22 |    21 |    27 |    17 |     2 |       |    19 ||   118
         Phantom mirror    |       |       |       |     2 |     3 |     2 |       |     1 |     1 ||     9
         Lightning rod     |       |       |       |       |     9 |    12 |     8 |    11 |     6 ||    46
         Condenser vane    |       |       |       |       |     2 |     2 |     1 |     1 |     2 ||     8
    Use: Scroll            |     4 |     6 |     2 |     7 |    15 |     7 |     6 |     2 |    28 ||    77
         Potion            |     1 |       |     1 |     2 |     6 |     3 |     3 |       |    14 ||    30
   Stab: Sleeping          |     1 |       |     7 |       |       |     2 |       |       |       ||    10
         Paralysed         |       |     4 |     3 |    37 |    56 |    45 |    22 |    75 |    72 ||   314
         Betrayed ally     |       |       |       |       |     1 |       |       |       |       ||     1
         Confused          |       |       |       |       |     1 |       |       |     4 |    26 ||    31
         Invisible         |       |       |       |       |     7 |     4 |       |       |     2 ||    13
         Distracted        |       |       |       |       |       |       |       |       |     1 ||     1
 Armour: Leather armour    |    91 |    69 |   173 |   172 |   462 |   353 |   205 |    38 |       ||  1563
         Ring mail         |       |       |       |   224 |       |       |       |       |       ||   224
         Quicksilver drago |       |       |       |       |       |       |       |   326 |   138 ||   464
         Fire dragon scale |       |       |       |       |       |       |       |       |   440 ||   440
         Skin              |       |       |       |       |       |       |       |       |     7 ||     7
  Dodge: Dodged            |    96 |    81 |   154 |   542 |   690 |   572 |   264 |   716 |   955 ||  4070
  Block: Buckler           |       |       |       |   130 |   245 |    66 |       |       |       ||   441
         Kite shield       |       |       |       |       |       |   404 |   322 |  1157 |  1187 ||  3070

Table legend: (Time is in decaauts)
 A = Elapsed time spent in this place.
 B = Non-inter-level travel time spent in this place.
 C = Inter-level travel time spent in this place.
 D = Time resting spent in this place.
 E = Time spent auto-exploring this place.
 F = Levels seen in this place.
 G = Mean time per level.
                   A        B        C        D        E       F      G
               +--------+--------+--------+--------+--------+-----+--------+
         Total |  76988 |  69981 |   7007 |   5617 |  46492 |  52 | 1480.5 |
       Dungeon |  20945 |  18107 |   2838 |   1164 |  12856 |  15 | 1396.3 |
        Temple |     20 |      3 |     17 |      0 |      0 |   1 |   20.0 |
          Lair |  11349 |  10317 |   1032 |    915 |   6969 |   5 | 2269.8 |
        Shoals |   5942 |   5656 |    286 |    968 |   3174 |   4 | 1485.5 |
     Snake Pit |   6505 |   6149 |    356 |    149 |   4855 |   4 | 1626.2 |
  Orcish Mines |   2957 |   2169 |    788 |      0 |   1323 |   2 | 1478.5 |
   Elven Halls |   5640 |   5141 |    499 |    779 |   3018 |   3 | 1880.0 |
        Vaults |   9391 |   8831 |    560 |    456 |   6033 |   5 | 1878.2 |
        Depths |   5815 |   5488 |    327 |     29 |   4184 |   4 | 1453.8 |
           Zot |   6221 |   5921 |    300 |    240 |   3530 |   5 | 1244.2 |
        Bazaar |     32 |     32 |      0 |      0 |     24 |   1 |   32.0 |
        Bailey |   1305 |   1305 |      0 |    492 |    291 |   1 | 1305.0 |
      Ice Cave |    159 |    159 |      0 |    100 |      0 |   1 |  159.0 |
      Gauntlet |    701 |    701 |      0 |    324 |    232 |   1 |  701.0 |
               +--------+--------+--------+--------+--------+-----+--------+

Top non-repeatable levels by time:
Vaults:5: 2602 daAuts
  Lair:4: 2380 daAuts
  Lair:1: 2352 daAuts
  Lair:3: 2313 daAuts
  Lair:5: 2268 daAuts
 Snake:4: 2232 daAuts
     D:9: 2224 daAuts
   Elf:3: 2193 daAuts
Vaults:1: 2051 daAuts
    D:13: 2035 daAuts
  Lair:2: 2034 daAuts
   Orc:2: 2029 daAuts
    D:14: 1968 daAuts
Depths:2: 1915 daAuts
Shoals:4: 1852 daAuts
